 Dungeon Crawl Stone Soup version 0.18.1-8-gdd0e5ea (webtiles) character file.

3219 georgeearnest the Blocker (level 10, -3/79 HPs)
             Began as a Formicid Fighter on June 7, 2016.
             Slain by an orc warrior
             ... wielding a +2 war axe of venom
              (5 damage)
             ... on level 11 of the Dungeon.
             The game lasted 00:16:59 (7757 turns).

georgeearnest the Blocker (Formicid Fighter)        Turns: 7757, Time: 00:17:00

Health: -3/79      AC: 25    Str: 22    XL:     10   Next: 17%
Magic:  8/8        EV:  2    Int:  9    God:    Xom [*.....]
Gold:   572        SH: 13    Dex: 22    Spells: 0 memorised, 9 levels left

rFire  . . .     SeeInvis .     a - +0 war axe
rCold  + + .     Gourm    .     (armour currently unavailable)
rNeg   + + +     Faith    .     c - +0 shield
rPois  +         Spirit   .     (helmet unavailable)
rElec  +         Dismiss  +     (cloak currently unavailable)
rCorr  +         Reflect  .     (gloves currently unavailable)
SustAt .         Harm     .     (boots currently unavailable)
MR     +....                    t - amulet of dismissal
Stlth  ++++......               E - +6 ring of dexterity
                                j - ring of ice

@: agile, lethally poisoned (-3 -> -4), tree-form, resistant, somewhat resistant
to hostile enchantments, stealthy
A: permanent stasis, dig shafts and tunnels, four strong arms, (antennae 0),
(hooves 0), frail 3, low mp 2, (shaggy fur 0), wild magic 1
a: Renounce Religion


You were on level 11 of the Dungeon.
You worshipped Xom.
You were a special plaything of Xom.
You were not hungry.
You were a tree.
You visited 1 branch of the dungeon, and saw 11 of its levels.

You collected 572 gold pieces.

Inventory:

Hand Weapons
 a - a +0 war axe (weapon)
Armour
 b - a +0 scale mail
 c - a +0 shield (worn)
 d - a +0 plate armour (melded)
Jewellery
 j - a ring of ice (left branch)
 t - an amulet of dismissal (around neck)
 u - an uncursed amulet of dismissal
 E - a +6 ring of dexterity (right branch)
 I - an uncursed ring of protection from magic {unknown}
 K - an uncursed ring of poison resistance {unknown}
Wands
 s - a wand of disintegration (12/24)
 G - a wand of polymorph (6/24)
 H - a wand of lightning (9/15)
 L - a wand of iceblast (12/15)
 N - a wand of lightning (3/15)
 P - a wand of flame (36/48)
Scrolls
 e - 3 scrolls of magic mapping {unknown}
 l - a scroll of amnesia {unknown}
 m - a scroll of remove curse
 p - a scroll of fog {unknown}
 w - a scroll of vulnerability {unknown}
 y - 4 scrolls of enchant armour {unknown}
 A - a scroll of fear {unknown}
 C - 4 scrolls of recharging {unknown}
 D - a scroll of blinking {unknown}
 M - 2 scrolls of identify
 O - a scroll of summoning {unknown}
Potions
 g - 2 potions of flight
 k - 2 potions of degeneration
 r - a potion of haste
Books
 z - a book of Spatial Translocations

   Spells                             Type                      Level
   a - Apportation                    Translocation                1
   b - Blink                          Translocation                2
   c - Shroud of Golubria             Charms/Translocation         2
   d - Portal Projectile              Translocation                3
   e - Teleport Other                 Translocation                3
   f - Passage of Golubria            Translocation                4
Comestibles
 f - 5 bread rations
 i - 2 slices of pizza
 o - 2 meat rations
 v - 2 fruits
 J - 7 beef jerkies


   Skills:
 + Level 6.8 Fighting
 + Level 6.1 Axes
 + Level 7.5 Armour
 + Level 4.5 Dodging
 + Level 1.6 Stealth
 + Level 9.5 Shields


You had 9 spell levels left.
You didn't know any spells.

Dungeon Overview and Level Annotations

Branches:
Dungeon (8/15)             Temple (0/1) D:7            Lair (0/8) D:8

Altars:
Fedhas
Kikubaaqudgha
Pakellas
Qazlal
Xom


Innate Abilities, Weirdness & Mutations

You are under a permanent stasis effect.
You can dig through walls and to a lower floor.
Your four strong arms can wield two-handed weapons with a shield.
((You have a pair of large antennae on your head (SInv).))
((You have large cloven feet.))
You are extremely frail (-30% HP).
Your magical capacity is very low (-20% MP).
((You are covered in fur (AC +1).))
Your spells are a little harder to cast, but a little more powerful.


Message History

You hit the orc warrior but do no damage.
The orc warrior is moderately wounded.
The orc priest looks braver for a moment.
The orc warrior hits you with a war axe of venom!
* * * LOW HITPOINT WARNING * * *
The orc priest looks braver for a moment.
Okay, then.
You hit the orc warrior.
The orc warrior is heavily wounded.
The orc warrior hits you with a war axe of venom.
* * * LOW HITPOINT WARNING * * *
The orc priest hits you but does no damage.
You closely miss the orc warrior.
The orc warrior is heavily wounded.
You feel sick. You block the orc warrior's attack.
You block the orc priest's attack.
You hit the orc warrior.
The orc warrior is severely wounded.
The orc warrior hits you with a war axe of venom.
You die...

#.# #.# #.# #.#
# #.# #.# .#
#.######.##.#
#......#....
######†#..##
#)#...#########.
#..###..........
#..# #.o♣.....#
#..###o######.#
#...){## ####.##
#.# #.# #)# #{#
#o#######


You could see an orc warrior and an orc priest.

Vanquished Creatures
  A gargoyle (D:11)
  A rime drake (D:8)
  A yak (D:8)
  A wyvern (D:11)
  Eustachio (D:4)
  A hippogriff (D:8)
  2 ice beasts
  2 sky beasts
  2 orc warriors
  2 ogres
  A centaur (D:6)
  A big kobold (D:11)
  3 giant frogs
  A wyvern skeleton (D:8)
  A water moccasin zombie (D:5)
  A howler monkey (D:3)
  2 crimson imps (D:5)
  A quasit (D:11)
  A jelly (D:6)
  An orc priest (D:11)
  3 hounds
  3 orc wizards
  A giant frog skeleton (D:6)
  Terence (D:3)
  2 iguanas
  4 worker ants
  2 hound skeletons
  9 gnolls
  11 adders
  2 shadow imps
  3 worms
  3 dart slugs
  A giant gecko (D:4)
  10 orcs
  5 ball pythons
  9 giant cockroaches
  16 goblins
  4 hobgoblins
  22 jackals
  A quokka (D:4)
  11 bats
  A giant gecko skeleton (D:8)
  4 giant newts
  4 kobolds
  9 rats
  A fungus (D:8)
169 creatures vanquished.

Vanquished Creatures (others)
  A swamp drake (shapeshifter) (D:11)
  5 sheep (D:4)
  A kobold (D:11)
  5 fungi (D:8)
  A plant (D:8)
13 creatures vanquished.

Grand Total: 182 creatures vanquished

Notes
Turn   | Place    | Note
--------------------------------------------------------------
     0 | D:1      | georgeearnest the Formicid Fighter began the quest for the Orb.
     0 | D:1      | Reached XP level 1. HP: 18/18 MP: 1/1
   141 | D:1      | Reached XP level 2. HP: 24/24 MP: 2/2
   368 | D:1      | Reached XP level 3. HP: 30/30 MP: 3/3
   583 | D:1      | Reached skill level 4 in Shields
   718 | D:2      | Reached XP level 4. HP: 20/37 MP: 4/4
  1275 | D:2      | Reached skill level 1 in Dodging
  1477 | D:3      | Reached XP level 5. HP: 39/42 MP: 5/5
  1489 | D:3      | Reached skill level 5 in Shields
  1781 | D:3      | Noticed Terence
  1808 | D:3      | Killed Terence
  2166 | D:3      | Found an ancient bone altar of Kikubaaqudgha.
  2166 | D:3      | Found a blossoming altar of Fedhas.
  2256 | D:3      | Reached XP level 6. HP: 42/48 MP: 6/6
  2993 | D:4      | Found a shimmering altar of Xom.
  3012 | D:4      | Became a worshipper of Xom of Chaos
  3156 | D:4      | Noticed Eustachio
  3166 | D:4      | XOM: potion effect (curing)
  3187 | D:4      | HP: 1/48 [shadow imp/nerve-wracking pain[Eustachio] (12)]
  3195 | D:4      | XOM: potion effect (heal wounds)
  3199 | D:4      | XOM: potion effect (heal wounds)
  3201 | D:4      | Killed Eustachio
  3201 | D:4      | Reached XP level 7. HP: 45/54 MP: 7/7
  3218 | D:4      | XOM: harmless Air miscast
  3222 | D:4      | Reached skill level 6 in Shields
  3412 | D:4      | XOM: colour smoke trail
  3621 | D:4      | XOM: harmless Chrm miscast
  3745 | D:5      | Entered Level 5 of the Dungeon
  4415 | D:5      | XOM: blink monster(s)
  4419 | D:5      | XOM: silly message
  4422 | D:5      | Reached skill level 5 in Armour
  4428 | D:5      | Found an oddly glowing altar of Pakellas.
  4431 | D:5      | XOM: harmless Summ miscast
  4492 | D:5      | XOM: harmless Pois miscast
  4566 | D:5      | Gained mutation: You have large cloven feet. [mutagenic meat]
  4567 | D:5      | Gained mutation: You are covered in fur (AC +1). [mutagenic meat]
  4568 | D:5      | Gained mutation: Your magical capacity is low (-10% MP). [mutagenic meat]
  4569 | D:5      | Gained mutation: Your magical capacity is very low (-20% MP). [mutagenic meat]
  4570 | D:5      | Gained mutation: You are frail (-10% HP). [mutagenic meat]
  4571 | D:5      | Gained mutation: Your spells are a little harder to cast, but a little more powerful. [mutagenic meat]
  4621 | D:5      | XOM: cast spell 'Summon Butterflies'
  4659 | D:5      | XOM: silly message
  4682 | D:5      | XOM: cast spell 'Call Canine Familiar'
  4694 | D:5      | Reached XP level 8. HP: 54/54 MP: 6/6
  4811 | D:5      | XOM: noise
  4818 | D:5      | XOM: divination: magic mapping
  5241 | D:5      | XOM: harmless Trmt miscast
  5250 | D:5      | XOM: smoke on damage
  5320 | D:6      | XOM: smoke on damage
  5395 | D:6      | XOM: harmless Divn miscast
  5398 | D:6      | XOM: potion effect (agility)
  5415 | D:6      | Found a stormy altar of Qazlal.
  5686 | D:6      | Reached skill level 5 in Fighting
  5686 | D:6      | Reached skill level 7 in Shields
  5700 | D:6      | XOM: potion effect (curing)
  5708 | D:6      | XOM: harmless Tloc miscast
  5788 | D:6      | XOM: chaos cloud
  5983 | D:6      | XOM: give mutations
  5983 | D:6      | Gained mutation: You are very frail (-20% HP). [Xom's mischief]
  5983 | D:6      | Gained mutation: You are agile. (Dex +2) [Xom's mischief]
  5983 | D:6      | Gained mutation: You are extremely frail (-30% HP). [Xom's mischief]
  5990 | D:6      | XOM: summons friendly iron imp
  5992 | D:6      | Reached skill level 1 in Stealth
  6114 | D:7      | Found a staircase to the Ecumenical Temple.
  6145 | D:7      | Reached XP level 9. HP: 27/47 MP: 7/7
  6351 | D:7      | XOM: mild Divn miscast
  6399 | D:8      | Noticed Erolcha
  6401 | D:8      | Noticed Erolcha
  6401 | D:8      | Erolcha changed into Erolcha the rime drake
  6401 | D:8      | XOM: polymorph Erolcha -> Erolcha the rime drake
  6414 | D:8      | Reached skill level 8 in Shields
  6415 | D:8      | Killed Erolcha the rime drake
  6415 | D:8      | Reached skill level 5 in Axes
  6503 | D:8      | Found a staircase to the Lair.
  7008 | D:8      | XOM: harmless Air miscast
  7021 | D:8      | You fall through a shaft!
  7024 | D:9      | You fall through a shaft!
  7024 | D:10     | Entered Level 10 of the Dungeon
  7027 | D:10     | You fall through a shaft!
  7357 | D:11     | Noticed a gargoyle
  7362 | D:11     | XOM: blink monster(s)
  7363 | D:11     | Noticed a kobold demonologist
  7371 | D:11     | Noticed a hellwing
  7375 | D:11     | Noticed a red devil
  7380 | D:11     | XOM: confusion
  7381 | D:11     | a kobold demonologist changed into a crocodile
  7381 | D:11     | XOM: polymorph kobold demonologist -> crocodile
  7382 | D:11     | XOM: cast spell 'Discord'
  7405 | D:11     | Reached skill level 9 in Shields
  7531 | D:11     | Killed a gargoyle
  7531 | D:11     | Reached XP level 10. HP: 44/53 MP: 8/8
  7741 | D:11     | HP: 3/79 [poisoned by an orc warrior]
  7743 | D:11     | Lost mutation: You are agile. (Dex +2) [potion of mutation]
  7755 | D:11     | HP: 3/79 [orc warrior/war axe of venom (6)]
  7757 | D:11     | Slain by an orc warrior

Skill      XL: |  1  2  3  4  5  6  7  8  9 |
---------------+----------------------------+-----
Shields        | 4 5 6 7 9 |  9.5
Fighting       | 4 5 6 |  6.8
Dodging        | 1 2 3 4 |  4.5
Armour         | 4 5 6 7 |  7.5
Axes           | 3 4 6 |  6.1
Stealth        | 1 |  1.6

Action                   |  1- 3 |  4- 6 |  7- 9 | 10-12 || total
-------------------------+-------+-------+-------+-------++-------
Melee: War axe           |    73 |   249 |   393 |    32 ||   747
       Kick              |       |       |   115 |     6 ||   121
 Abil: Dig               |     3 |     1 |     5 |       ||     9
       Shaft Self        |       |       |     3 |       ||     3
  Use: Potion            |       |     4 |     4 |     8 ||    16
       Scroll            |       |       |     6 |       ||     6
 Stab: Invisible         |       |       |     1 |       ||     1
  Eat: Bread ration      |       |     1 |     4 |       ||     5
       Beef jerky        |       |     1 |       |       ||     1
       Meat ration       |       |     1 |       |       ||     1
       Chunk             |       |       |     6 |       ||     6
Armor: Scale mail        |    43 |   162 |   136 |       ||   341
       Plate armour      |       |       |    23 |     4 ||    27
       Skin              |       |       |       |    11 ||    11
Dodge: Dodged            |    42 |   143 |   171 |     5 ||   361
Block: Shield            |    53 |   223 |   271 |    34 ||   581
